 Dungeon Crawl Stone Soup version 0.28.0 (webtiles) character file.

Game seed: 16341403341034246809

635 mortz the Conjurer (level 7, -2/56 HPs)
             Began as a Black Draconian Conjurer on Feb 17, 2022.
             Slain by an orc warrior (15 damage)
             ... on level 3 of the Dungeon.
             The game lasted 00:35:39 (5087 turns).

mortz the Conjurer (Black Draconian Conjurer)       Turns: 5087, Time: 00:35:40

Health: -2/56      AC:  7    Str:  9    XL:     7   Next: 25%
Magic:  0/13       EV: 12    Int: 21    God:
Gold:   138        SH:  0    Dex:  9    Spells: 7/14 levels left

rFire   . . .      SeeInvis +   d - +2 dagger (vamp)
rCold   . . .      Faith    .   (no shield)
rNeg    . . .      Spirit   .   (armour unavailable)
rPois   .          Reflect  .   (helmet restricted)
rElec   +          Harm     .   h - +0 cloak
rCorr   .          Rampage  .   (no gloves)
Will    .....                   (no boots)
Stlth   ++........              (no amulet)
HPRegen 0.18/turn               j - ring of see invisible
MPRegen 0.13/turn               (no ring)

@: about to teleport
A: breathe lightning, AC +6, unfitting armour, electricity resistance,
cold-blooded
a: Breathe Lightning


You were on level 3 of the Dungeon.
You visited 1 branch of the dungeon, and saw 4 of its levels.

You collected 138 gold pieces.

Inventory:

Hand Weapons
 b - a +3 trident
 d - a +2 vampiric dagger (weapon)
 n - a +1 hunting sling of flaming
Missiles
 r - 6 curare-tipped darts
 w - 11 poisoned darts
Armour
 h - a +0 cloak (worn)
 x - an orb of mayhem
Magical Staves
 s - a staff of fire
Jewellery
 j - a ring of see invisible (left hand)
Wands
 t - a wand of digging (3)
Scrolls
 a - 2 scrolls of fog
 c - 2 scrolls of vulnerability
 e - 2 scrolls of teleportation
 i - a scroll of noise {unknown}
 k - 2 scrolls of brand weapon {unknown}
 p - a scroll of torment {unknown}
 u - 3 scrolls of identify
 y - a scroll of immolation {unknown}
Potions
 f - 3 potions of mutation
 g - a potion of curing
 l - 2 potions of lignification {unknown}
 m - a potion of ambrosia {unknown}
 o - a potion of magic {unknown}
 q - 2 potions of heal wounds
 v - a potion of might {unknown}
 z - a potion of attraction {unknown}


   Skills:
 - Level 2.5 Fighting
 - Level 2.2 Short Blades
 + Level 2.6 Dodging
 + Level 3.2 Stealth
 + Level 4.0 Spellcasting
 + Level 6.0 Conjurations


You had 7 spell levels left.
You knew the following spells:

 Your Spells              Type           Power      Damage    Failure   Level
a - Magic Dart            Conj           100%       1d8       1%          1
b - Searing Ray           Conj           58%        2d6       1%          2
c - Foxfire               Conj/Fire      64%        2x1d7     3%          1
d - Conjure Flame         Conj/Fire      16%        6-21      11%         3

Your spell library contained the following spells:

 Spells                   Type           Power      Damage    Failure   Level
 Dazzling Flash           Conj/Hex       32%        N/A       11%         3
 Ensorcelled Hibernation  Hex/Ice        8%         N/A       19%         2
 Passwall                 Tmut/Erth      3%         N/A       19%         2
 Gell's Gravitas          Tloc           4%         N/A       34%         3
 Inner Flame              Hex/Fire       4%         N/A       34%         3
 Lesser Beckoning         Tloc           4%         N/A       34%         3
 Swiftness                Air            4%         N/A       34%         3
 Teleport Other           Tloc           4%         N/A       34%         3
 Flame Wave               Conj/Fire      16%        2d6       34%         4
 Fulminant Prism          Conj/Hex       8%         3d7       34%         4
 Iskenderun's Mystic Bla  Conj/Tloc      16%        2d5       34%         4
 Animate Dead             Necr           2%         N/A       75%         4
 Haunt                    Necr/Summ      2%         N/A       100%        7
 Infestation              Necr           2%         N/A       100%        8


Dungeon Overview and Level Annotations

Branches:
Dungeon (4/15)
 Temple: D:4-7

Altars:
Qazlal


Innate Abilities, Weirdness & Mutations

You can breathe wild blasts of lightning.
Your glossy black scales are hard. (AC +6)
You cannot fit into any form of body armour.
You are resistant to electric shocks. (rElec)
You are cold-blooded and may be slowed by cold attacks.


Message History

Without enough magic to sustain it, your searing ray dissipates.
The orc warrior hits you with a +0 battleaxe!!
* * * LOW HITPOINT WARNING * * *
Found a pair of gloves.
The orc warrior hits you with a +0 battleaxe!!
* * * LOW HITPOINT WARNING * * *
You see here a +0 giant club.
There is a stone staircase leading up here.
The orc warrior hits you but does no damage.
You climb upwards.
There is a stone staircase leading down here.
You feel much better. The orc warrior misses you.
Casting: Searing Ray (safe; 1% risk of failure)
Confirm with . or Enter, or press ? or * to list all spells.
Aiming: Searing Ray (safe; 1% risk of failure)
Press: ? - help, Shift-Dir - straight line, f - orc warrior
Aim: an orc warrior, wielding a +0 battleaxe and wearing a +0 chain mail (severely wounded, 77% to hit)
The searing ray hits the orc warrior but does no damage.
The orc warrior is severely wounded. (Press . to maintain the ray.)
The orc warrior hits you with a +0 battleaxe.
The searing ray hits the orc warrior but does no damage.
The orc warrior is severely wounded.
The orc warrior hits you with a +0 battleaxe!
* * * LOW HITPOINT WARNING * * *
The searing ray hits the orc warrior.
The orc warrior is almost dead.
The orc warrior misses you.
The searing ray hits the orc warrior but does no damage.
The orc warrior is almost dead.
You finish channelling your searing ray.
The orc warrior hits you with a +0 battleaxe!
* * * LOW HITPOINT WARNING * * *
You feel much better.
The orc warrior hits you with a +0 battleaxe!
* * * LOW HITPOINT WARNING * * *
As you read the scroll of teleportation, it crumbles to dust.
You feel strangely unstable.
The orc warrior hits you with a +0 battleaxe!
You die...

###### ###
#....####.#
####.##.#....#
###....##.#.##.#
#......#.<#.##.###
#@o...............
#.##..............
#.###.#######....)
#.....# #####....#
####..###...#....#
#....[.#.......
######.########.....
#....#.# #....#
#.##.#.# #....#


You could see an orc warrior.

Vanquished Creatures
  2 ogres
  A scorpion (D:4)
  A vampire bat (D:3)
  A centaur skeleton (D:4)
  Natasha (thrice) (D:2)
  7 adders
  3 dart slugs
  3 fire bats (D:3)
  19 orcs
  2 spectral bats (D:3)
  3 bat skeletons (D:3)
  A bat zombie (D:3)
  6 endoplasms
  3 giant cockroaches
  4 hobgoblins
  3 jackals (D:1)
  4 quokkas
  9 ball pythons
  17 bats
  A bat simulacrum (D:3)
  12 goblins
  6 kobolds
  6 rats
117 creatures vanquished.

Notes
Turn   | Place    | Note
-------+----------+-------------------------------------------
     0 | D:1      | mortz the Draconian Conjurer began the quest for the Orb.
     0 | D:1      | Reached XP level 1. HP: 14/14 MP: 3/3
   282 | D:1      | Found a faded altar of an unknown god.
   486 | D:1      | Reached XP level 2. HP: 20/20 MP: 0/5
   617 | D:1      | Learned a level 2 spell: Searing Ray
  1418 | D:1      | Reached XP level 3. HP: 26/26 MP: 4/6
  1695 | D:2      | You fall into a shaft and drop 1 floor!
  1695 | D:3      | Found a stormy altar of Qazlal.
  1822 | D:2      | Noticed Natasha
  1826 | D:2      | Killed Natasha
  1827 | D:2      | Reached XP level 4. HP: 17/33 MP: 1/7
  2035 | D:2      | Noticed Natasha
  2040 | D:2      | Killed Natasha
  2300 | D:2      | Noticed Natasha
  2303 | D:2      | Killed Natasha
  2304 | D:2      | Reached skill level 5 in Conjurations
  2801 | D:3      | Reached XP level 5. HP: 39/39 MP: 4/9
  3275 | D:3      | Reached skill level 1 in Fighting
  3440 | D:3      | Reached skill level 1 in Short Blades
  3539 | D:3      | Reached XP level 6. HP: 47/47 MP: 7/10
  4549 | D:4      | Your scales start taking on a glossy black colour.
  4549 | D:4      | Reached XP level 7. HP: 51/55 MP: 7/12
  4549 | D:4      | Gained mutation: You are resistant to electric shocks.
                  | (rElec) [Black Draconian growth]
  4644 | D:4      | Learned a level 1 spell: Foxfire
  4648 | D:4      | Learned a level 3 spell: Conjure Flame
  4967 | D:4      | Reached skill level 6 in Conjurations
  5077 | D:4      | HP: 2/56 [orc warrior (19)]
  5087 | D:3      | Slain by an orc warrior

Illustrated notes

Levels and vault maps discovered:
D:1:      saegor_arrival_simple_b, layout_basic,
          hellmonk_ecumenical_altar_arch_garden, chequers_serial_rivers_large_a,
          st_stairs_9
D:2:      layout_loops_cross, grunt_ministairs_12, uniq_natasha
D:3:      minmay_chambers_of_twos, layout_basic,
          nicolae_qazlal_scattered_showers, st_stairs_3, minivault_24,
          goddamned_bats
D:4:      wad_pebble_path, layout_basic, elyvilon_altar_1,
          mainiacjoe_overflow_brackets, minmay_misc_feat_encased,
          grunt_ministairs_2

Skill      XL: |  1  2  3  4  5  6  7 |
---------------+----------------------+-----
Dodging        | 2 |  2.6
Stealth        | 2 3 |  3.2
Conjurations   | 5 6 |  6.0
Spellcasting   | 3 4 |  4.0
Fighting       | 1 2 |  2.5
Short Blades   | 1 2 |  2.2

Action                   |  1- 3 |  4- 6 |  7- 9 || total
-------------------------+-------+-------+-------++-------
Melee: Unarmed           |    25 |       |       ||    25
       Tailslap          |     4 |       |       ||     4
       Dagger            |    25 |     7 |       ||    32
 Cast: Magic Dart        |    59 |    92 |    23 ||   174
       Searing Ray       |     2 |    17 |     5 ||    24
  Use: Scroll            |     4 |     2 |     1 ||     7
       Potion            |       |       |     3 ||     3
Armor: Skin              |    32 |    14 |     1 ||    47
Dodge: Dodged            |    52 |    28 |     4 ||    84
